 Dungeon Crawl Stone Soup version 0.24.1-8-ga250c9d538 (webtiles) character file.

Game seed: 14765312683495009458, levelgen mode: deterministic

42786 Peloso the Carver (level 13, 0/102 (103) HPs)
             Began as a Demonspawn Fighter on May 7, 2020.
             Was the Champion of Okawaru (penitent).
             Slain by an insubstantial wisp (4 damage)
             ... on level 1 of the Abyss.
             The game lasted 00:50:51 (17916 turns).

Peloso the Carver (Demonspawn Fighter)             Turns: 17916, Time: 00:50:52

HP:   0/102 (103)   AC: 29    Str: 27    XL:     13   Next: 87%
MP:   24/24         EV:  9    Int:  9    God:    Okawaru [*]
Gold: 1258          SH: 18    Dex:  9    Spells: 12/12 levels left

rFire    . . .     SeeInvis +   a - +2 falchion (slice)
rCold    . . .     Gourm    .   c - +0 shield
rNeg     + . .     Faith    .   G - +0 storm dragon scales of Hysteria {rElec MR+ Slay+5}
rPois    .         Spirit   .   O - +2 helmet {SInv}
rElec    +         Reflect  +   x - +0 cloak
rCorr    .         Harm     .   (no gloves)
MR       +....                  L - +2 pair of boots
Stlth    ..........             z - amulet of Ryupti {Reflect rN+ MP+9 Dex-5 SH+5}
HPRegen  0.00/turn              A - +6 ring of strength
MPRegen  0.19/turn              e - +2 ring of slaying

@: sanguine armour, non-regenerating, diseased
A: talons 1, demonic guardian 1, spiny 2, sanguine armour 1
a: Renounce Religion


You were on level 1 of the Abyss.
You worshipped Okawaru.
Okawaru was demanding penance.
You were hungry.

You visited 4 branches of the dungeon, and saw 17 of its levels.
You visited the Abyss 1 time.
You also visited: Sewer, Gauntlet and Ice Cave.

You collected 1258 gold pieces.

Inventory:

Hand Weapons
 a - a +2 falchion of slicing (weapon)
 b - the +1 trident of a treasure trove {flame, *Slow rElec rF+ rC+}
   (You found it on level 1 of the Lair of Beasts)

   It has been specially enchanted to burn those struck by it, causing extra
   injury to most foes and up to half again as much damage against particularly
   susceptible opponents.
   It protects you from fire.
   It protects you from cold.
   It insulates you from electricity.
   It may slow you when you take damage.
Armour
 c - a +0 shield (worn)
 x - a +0 cloak (worn)
 G - the +0 storm dragon scales of Hysteria (worn) {rElec MR+ Slay+5}
   (You found it on level 9 of the Dungeon)

   It affects your accuracy and damage with ranged weapons and melee attacks
   (+5).
   It insulates you from electricity.
   It affects your resistance to hostile enchantments.
 H - a +0 pair of boots
 L - a +2 pair of boots (worn)
 O - a +2 helmet of see invisible (worn)
Jewellery
 e - a +2 ring of slaying (right hand)
 l - an uncursed ring of see invisible
 z - the amulet of Ryupti (around neck) {Reflect rN+ MP+9 Dex-5 SH+5}
   (You found it in a Gauntlet)

   [amulet of reflection]

   It shields you and reflects attacks.
   It affects your dexterity (-5).
   It protects you from negative energy.
   It affects your magic capacity (+9).
   It affects your SH (+5).
 A - a +6 ring of strength (left hand)
 I - an uncursed ring of resist corrosion
 P - an uncursed ring of positive energy
Wands
 E - a wand of polymorph (11)
 S - a wand of acid (5)
 X - a wand of digging (6)
Scrolls
 i - 7 scrolls of teleportation
 j - a scroll of identify
 k - 4 scrolls of remove curse
 n - 3 scrolls of fear
 p - 3 scrolls of magic mapping
 q - 6 scrolls of fog {unknown}
 u - 2 scrolls of blinking
 y - 3 scrolls of enchant armour {unknown}
 J - 6 scrolls of amnesia {unknown}
 U - 3 scrolls of noise
Potions
 d - 4 potions of might
 h - a potion of mutation
 o - 2 potions of flight
 s - 3 potions of haste
 t - 8 potions of curing
 M - 2 potions of agility
Comestibles
 f - 22 rations


   Skills:
 + Level 9.8 Fighting
 + Level 12.3 Long Blades
 + Level 1.8 Polearms
 + Level 10.8 Armour
 + Level 3.7 Dodging
 + Level 3.8 Stealth
 + Level 11.3 Shields
 + Level 0.5 Unarmed Combat
 + Level 3.7 Invocations
 + Level 2.6 Evocations


You had 12 spell levels left.
You didn't know any spells.
Your spell library contained the following spells:

 Spells                   Type           Power        Failure   Level  Hunger
 Animate Skeleton         Necr           N/A          96%         1    ##.....
 Apportation              Tloc           #.....       96%         1    ##.....
 Confusing Touch          Hex            #.....       96%         1    ##.....
 Magic Dart               Conj           #...         96%         1    ##.....
 Pain                     Necr           #...         96%         1    ##.....
 Summon Butterflies       Summ           #.......     96%         1    ##.....
 Searing Ray              Conj           #.....       99%         2    ###....
 Confuse                  Hex            #.......     100%        3    ####...
 Dazzling Spray           Conj/Hex       #.....       100%        3    ####...
 Gell's Gravitas          Tloc           #.........   100%        3    ####...
 Lesser Beckoning         Tloc           #.........   100%        3    ####...
 Regeneration             Chrm/Necr      #.........   100%        3    ####...
 Tukima's Dance           Hex            #.......     100%        3    ####...
 Vampiric Draining        Necr           #.........   100%        3    ####...
 Animate Dead             Necr           N/A          100%        4    #####..
 Force Lance              Conj/Tloc      #.......     100%        4    #####..
 Fulminant Prism          Conj/Hex       #.........   100%        4    #####..
 Iskenderun's Mystic Bla  Conj           #.......     100%        4    #####..
 Petrify                  Tmut/Erth      #.......     100%        4    #####..
 Alistair's Intoxication  Tmut/Pois      #.......     100%        5    ######.
 Metabolic Englaciation   Hex/Ice        #.........   100%        5    ######.
 Yara's Violent Unravell  Hex/Tmut       #.........   100%        5    ######.
 Invisibility             Hex            #.......     100%        6    #######


Dungeon Overview and Level Annotations

Branches:
Dungeon (12/15)            Temple (1/1) D:5            Lair (3/6) D:11
 Shoals (0/4) Lair:2        Snake (0/4) Lair:2          Orc (1/2) D:12
  Sewer (visited)           IceCv (visited)         Gauntlet (visited)

Altars:
Ashenzari
Cheibriados
Dithmenos
Elyvilon
Fedhas
Gozag
Hepliaklqana
Kikubaaqudgha
Makhleb
Nemelex Xobeh
Okawaru
Qazlal
Ru
Sif Muna
Trog
Uskayaw
Vehumet
Wu Jian
Xom
Yredelemnul
Zin
The Shining One

Shops:
D:4 [   D:10 %   D:12 :

Annotations:
D:8 3 runed translucent doors, Doot's ghost, novice DEWz
D:10 3 runed translucent doors, Doot's ghost, novice DEWz


Innate Abilities, Weirdness & Mutations

You have sharp toenails.
A weak demonic guardian rushes to your aid.
You are mostly covered in sharp spines.
When seriously injured, your bleeding wounds create armour. (AC +6)


Message History

Unknown command.
You miss the insubstantial wisp.
The insubstantial wisp is struck by your spines.
The insubstantial wisp hits you but does no damage.
You miss the insubstantial wisp.
The insubstantial wisp is lightly damaged.
The insubstantial wisp hits you.
* * * LOW HITPOINT WARNING * * *
Unknown command.
You miss the insubstantial wisp.
The insubstantial wisp is lightly damaged.
The insubstantial wisp barely misses you.
Unknown command.
You barely miss the insubstantial wisp.
The insubstantial wisp is lightly damaged.
Unknown command.
You slash the insubstantial wisp!
The insubstantial wisp is severely damaged.
The insubstantial wisp hits you.
You die...

.......
..#... ##
#....... ..#≈
#. ..x. ....
#.##..##..#.#
#..........#
#..........#
#...5@#....#
#....v......#
#..........##
#..........#
##...#......#
#.
#...###...###
.. #..## #.##
.. #.. ## ..#
# ....#.....
..


You could see a small abomination, an insubstantial wisp and a friendly shadow
imp.

Vanquished Creatures
  A balrug (Gauntlet)
  A frost giant (IceCv)
  A very ugly thing (Abyss:1)
  A minotaur (Gauntlet)
  Erolcha (D:12)
  3 hydras
  2 two-headed ogres
  A thrashing horror (Abyss:1)
  Sonja (D:10)
  3 cyclopes
  2 ugly things
  An oklob plant (Lair:2)
  A manticore (D:12)
  Maurice (D:10)
  Psyche (D:11)
  2 centaur zombies
  An ice statue (IceCv)
  5 spiny frogs
  An apocalypse crab (Gauntlet)
  2 komodo dragons
  4 rime drakes
  An ancient zyme (Abyss:1)
  A merfolk (D:9)
  2 trolls
  11 polar bears
  2 hornets (D:11)
  4 hippogriffs
  6 blink frogs
  A shadow (D:11)
  Sigmund (D:3)
  A basilisk (D:11)
  A wyvern (D:11)
  34 yaks
  A golden eye (Abyss:1)
  3 small abominations (Abyss:1)
  2 vampire mosquitoes (D:12)
  2 acid dragons (D:11)
  4 water moccasins
  3 porcupines
  2 hell hounds (Gauntlet)
  8 orc warriors
  2 ice beasts
  3 sky beasts
  A phantom (D:4)
  21 wolves
  10 ogres
  9 centaurs
  7 crocodiles
  3 gnoll sergeants (D:12)
  5 big kobolds
  11 bullfrogs
  2 scorpions
  3 killer bees (D:9)
  17 wights
  3 howler monkeys
  4 crimson imps
  4 jellies
  2 bullfrog zombies
  2 centaur skeletons
  2 quasits
  6 orc priests
  6 hounds
  10 orc wizards
  Terence (D:3)
  Natasha (thrice) (D:3)
  2 iguanas
  11 worker ants
  2 hound zombies
  A worker ant zombie (D:7)
  Robin (D:3)
  15 adders
  11 gnolls
  4 river rats (Sewer)
  4 shadow imps
  An ooze (D:2)
  An adder zombie (D:5)
  2 adder skeletons (D:7)
  2 worms
  An adder simulacrum (D:9)
  4 leopard geckos
  35 orcs
  14 ball pythons
  12 bats
  7 giant cockroaches
  17 goblins
  12 hobgoblins
  6 jackals
  6 quokkas
  4 frilled lizards
  12 kobolds
  2 leopard gecko skeletons
  A quokka skeleton (D:5)
  33 rats
  A plant (Lair:2)
487 creatures vanquished.

Vanquished Creatures (collateral kills)
  Harold (D:9)
  3 hydras
  A two-headed ogre (D:9)
  Joseph (D:8)
  2 spiny frogs (Lair:3)
  A rime drake (D:11)
  A wyvern (D:10)
  A yak (D:9)
  A vampire mosquito (D:12)
  An ice beast (D:8)
  A crocodile (D:8)
  A bullfrog (D:7)
  2 gnoll sergeants
  A wight (D:7)
  A centaur skeleton (D:10)
  A hound (D:8)
  A jelly (D:10)
  2 orc wizards
  A worker ant (D:2)
  A gnoll (D:9)
  An adder (D:9)
  5 orcs
  3 goblins (D:3)
  A jackal (D:8)
  3 ball pythons (Sewer)
38 creatures vanquished.

Vanquished Creatures (others)
  A demonic plant (Gauntlet)
1 creature vanquished.

Grand Total: 526 creatures vanquished

Notes
Turn   | Place    | Note
-------+----------+-------------------------------------------
     0 | D:1      | Peloso the Demonspawn Fighter began the quest for the Orb.
     0 | D:1      | Reached XP level 1. HP: 18/18 MP: 1/1
   114 | D:1      | Gained mutation: A weak demonic guardian rushes to your
                  | aid. [demonic ancestry]
   114 | D:1      | Reached XP level 2. HP: 22/24 MP: 2/2
   214 | D:1      | Reached skill level 2 in Long Blades
   617 | D:2      | Gained mutation: When seriously injured, your bleeding
                  | wounds create armour. (AC +6) [demonic ancestry]
   617 | D:2      | Reached XP level 3. HP: 29/29 MP: 3/3
   679 | D:2      | Found a white marble altar of Elyvilon.
   950 | D:2      | Gained mutation: You have sharp toenails. [demonic
                  | ancestry]
   950 | D:2      | Reached XP level 4. HP: 34/35 MP: 4/4
  1043 | D:2      | Found a shimmering blue altar of Sif Muna.
  1320 | D:3      | Noticed Sigmund
  1333 | D:3      | Killed Sigmund
  1333 | D:3      | Reached skill level 3 in Long Blades
  1333 | D:3      | Reached XP level 5. HP: 29/41 MP: 5/5
  1426 | D:3      | Noticed Natasha
  1434 | D:3      | Killed Natasha
  1623 | D:3      | Reached skill level 4 in Long Blades
  1623 | D:3      | Gained mutation: You are partially covered in sharp spines.
                  | [demonic ancestry]
  1623 | D:3      | Reached XP level 6. HP: 39/47 MP: 6/6
  1640 | D:3      | Found a glowing drain.
  1641 | D:3      | Noticed Robin
  1662 | Sewer    | Entered a sewer
  2130 | Sewer    | Reached skill level 1 in Dodging
  2172 | D:3      | Killed Robin
  2176 | D:3      | Reached XP level 7. HP: 44/53 MP: 7/7
  2306 | D:3      | Noticed Terence
  2311 | D:3      | Killed Terence
  2587 | D:3      | Found a glowing golden altar of the Shining One.
  2710 | D:3      | Noticed Natasha
  2715 | D:3      | Killed Natasha
  2751 | D:3      | Noticed Natasha
  2754 | D:3      | Killed Natasha
  3107 | D:4      | Found Sicaf's Armour Shop.
  3242 | D:4      | Reached skill level 5 in Long Blades
  3398 | D:5      | Entered Level 5 of the Dungeon
  3454 | D:5      | Found a staircase to the Ecumenical Temple.
  3517 | Temple   | Entered the Ecumenical Temple
  3785 | D:5      | Reached skill level 1 in Stealth
  4018 | D:5      | Reached skill level 5 in Armour
  4018 | D:5      | Reached XP level 8. HP: 60/60 MP: 8/8
  4554 | D:6      | Found a shadowy altar of Dithmenos.
  4557 | D:6      | Reached skill level 5 in Shields
  4601 | D:6      | Found a shadowy altar of Dithmenos.
  4699 | D:6      | Reached skill level 6 in Long Blades
  4976 | D:7      | Found an iron altar of Okawaru.
  4985 | D:7      | Became a worshipper of Warmaster Okawaru
  4998 | D:7      | Reached XP level 9. HP: 38/66 MP: 9/9
  5143 | D:7      | Found a glowing silver altar of Zin.
  5741 | D:8      | Found a runed translucent gate.
  5742 | D:8      | Found a runed translucent gate.
  5743 | D:8      | Found a runed translucent gate.
  5744 | D:8      | Noticed Doot's ghost (novice DEWz)
  5859 | D:8      | Reached skill level 7 in Long Blades
  5918 | D:8      | Noticed a cyclops
  5936 | D:8      | Killed a cyclops
  5936 | D:8      | Reached * piety under Okawaru
  5936 | D:8      | Reached skill level 5 in Fighting
  6266 | D:8      | Noticed Joseph
  6280 | D:8      | Killed Joseph
  6675 | D:9      | Noticed Harold
  6693 | D:9      | Killed Harold
  6693 | D:9      | Gained mutation: You are mostly covered in sharp spines.
                  | [demonic ancestry]
  6693 | D:9      | Reached XP level 10. HP: 47/74 MP: 10/10
  6732 | D:9      | Reached skill level 8 in Long Blades
  6833 | D:9      | Reached ** piety under Okawaru
  6925 | D:9      | Found a hide-covered altar of Uskayaw.
  6978 | D:9      | Noticed a two-headed ogre
  6984 | D:9      | HP: 2/76 [two-headed ogre/+0 giant club (12)]
  6986 | D:9      | Killed a two-headed ogre
  7255 | D:9      | Found an opulent altar of Gozag.
  7255 | D:9      | Found a snail-covered altar of Cheibriados.
  7281 | D:9      | Noticed a two-headed ogre
  7302 | D:9      | Killed a two-headed ogre
  7302 | D:9      | Reached *** piety under Okawaru
  7610 | D:9      | Got slimy storm dragon scales
  7621 | D:9      | Identified the cursed +0 storm dragon scales of Hysteria
                  | {rElec MR+ Slay+5} (You found it on level 9 of the Dungeon)
  7635 | D:10     | Entered Level 10 of the Dungeon
  7651 | D:10     | Noticed a purple ugly thing
  7669 | D:10     | Killed a purple ugly thing
  7669 | D:10     | Reached skill level 9 in Long Blades
  8025 | D:10     | Noticed Sonja
  8029 | D:10     | Killed Sonja
  8029 | D:10     | Reached **** piety under Okawaru
  8029 | D:10     | Reached XP level 11. HP: 74/83 MP: 11/11
  8067 | D:10     | Noticed a two-headed ogre
  8082 | D:10     | Killed a two-headed ogre
  8125 | D:10     | Found Purr's Food Shop.
  8140 | D:10     | Noticed Maurice
  8149 | D:10     | Killed Maurice
  8149 | D:10     | Reached ***** piety under Okawaru
  8216 | D:10     | Found a runed translucent gate.
  8216 | D:10     | Found a runed translucent gate.
  8218 | D:10     | Found a runed translucent gate.
  8240 | D:10     | Noticed Doot's ghost (novice DEWz)
  8407 | D:11     | Reached skill level 1 in Invocations
  8427 | D:11     | Noticed Psyche
  8432 | D:11     | Killed Psyche
  8432 | D:11     | Reached skill level 1 in Evocations
  8478 | D:11     | Found a frozen archway.
  8556 | IceCv    | Entered an ice cave
  9143 | IceCv    | Reached skill level 10 in Long Blades
  9846 | IceCv    | Reached ****** piety under Okawaru
 10177 | IceCv    | Reached XP level 12. HP: 84/92 MP: 13/13
 10183 | IceCv    | Received a gift from Okawaru
 10294 | IceCv    | Noticed a frost giant
 10315 | IceCv    | Killed a frost giant
 11017 | D:11     | Reached skill level 11 in Long Blades
 11038 | D:11     | Noticed a four-headed hydra
 11045 | D:11     | Killed a four-headed hydra
 11083 | D:11     | Noticed an eight-headed hydra
 11088 | D:11     | Killed an eight-headed hydra
 11176 | D:11     | Received a gift from Okawaru
 12139 | D:11     | Found a staircase to the Lair.
 12223 | Lair:1   | Entered Level 1 of the Lair of Beasts
 12234 | Lair:1   | Reached skill level 10 in Shields
 12287 | Lair:1   | Got a pitted flail
 12288 | Lair:1   | Identified the +3 flail "Globulus" {crush, Dex+2 SInv} (You
                  | found it on level 1 of the Lair of Beasts)
 12490 | Lair:1   | Got an ancient trident
 12491 | Lair:1   | Identified the +1 trident of a treasure trove {flame, *Slow
                  | rElec rF+ rC+} (You found it on level 1 of the Lair of
                  | Beasts)
 12542 | Lair:1   | Noticed a seven-headed hydra
 12552 | Lair:1   | Killed a seven-headed hydra
 12758 | Lair:1   | You fall into a shaft and drop 1 floor!
 12772 | Lair:2   | Found a staircase to the Snake Pit.
 12794 | Lair:2   | Reached skill level 10 in Armour
 12950 | Lair:2   | Noticed a four-headed hydra
 12955 | Lair:2   | Killed a four-headed hydra
 13103 | Lair:2   | Found a staircase to the Shoals.
 13375 | Lair:2   | Reached skill level 1 in Polearms
 13375 | Lair:2   | Reached XP level 13. HP: 18/101 MP: 3/14
 14555 | Lair:3   | Found a gate leading to a gauntlet.
 14586 | Gauntlet | Entered a Gauntlet
 14586 | Gauntlet | Found a large runed translucent door.
 14586 | Gauntlet | Found a large runed translucent door.
 14586 | Gauntlet | Found a large runed translucent door.
 14586 | Gauntlet | Found a large runed translucent door.
 14586 | Gauntlet | Found a large runed translucent door.
 14586 | Gauntlet | Found a large runed translucent door.
 14586 | Gauntlet | Found a runed translucent door.
 14586 | Gauntlet | Found a transporter.
 14586 | Gauntlet | Found a runed translucent door.
 14586 | Gauntlet | Found a large runed translucent door.
 14586 | Gauntlet | Found a large runed translucent door.
 14586 | Gauntlet | Found a large runed translucent door.
 14586 | Gauntlet | Found a large runed translucent door.
 14586 | Gauntlet | Found a large runed translucent door.
 14586 | Gauntlet | Found a large runed translucent door.
 14589 | Gauntlet | Found a large runed translucent door.
 14589 | Gauntlet | Found a large runed translucent door.
 14589 | Gauntlet | Found a transporter.
 14590 | Gauntlet | Found a runed translucent gate.
 14590 | Gauntlet | Found a runed translucent gate.
 14592 | Gauntlet | Found a transporter.
 14593 | Gauntlet | Found a transporter.
 14595 | Gauntlet | Found a runed translucent gate.
 14595 | Gauntlet | Found a transporter.
 14596 | Gauntlet | Found a transporter.
 14598 | Gauntlet | Noticed a balrug
 14603 | Gauntlet | Found a large runed translucent door.
 14604 | Gauntlet | Found a large runed translucent door.
 14607 | Gauntlet | Found a transporter.
 14608 | Gauntlet | Found a transporter.
 14638 | Gauntlet | Found a transporter.
 14638 | Gauntlet | Found a transporter.
 14641 | Gauntlet | Found a transporter.
 14663 | Gauntlet | Noticed a cacodemon
 14677 | Gauntlet | Found a transporter.
 14783 | Gauntlet | Got a translucent golden amulet
 14789 | Gauntlet | Identified the amulet of Ryupti {Reflect rN+ MP+9 Dex-5
                  | SH+5} (You found it in a Gauntlet)
 14864 | Gauntlet | Killed a balrug
 14880 | Gauntlet | Got a scorched glass ring
 14882 | Gauntlet | Identified the ring "Plog" {rElec rF+ rC++ Str-4} (You
                  | found it in a Gauntlet)
 15422 | Gauntlet | Identified the +11 morningstar "X" {crush, MR+ Int+3}
 15422 | Gauntlet | Noticed a minotaur
 15441 | Gauntlet | Killed a minotaur
 15606 | Lair:3   | Received a gift from Okawaru
 16000 | Lair:3   | Reached skill level 12 in Long Blades
 16471 | D:12     | Found Ucryetau's Book Boutique.
 16884 | D:12     | Found a white marble altar of Elyvilon.
 16889 | D:12     | Noticed Erolcha
 16900 | D:12     | Killed Erolcha
 17465 | D:12     | Found a staircase to the Orcish Mines.
 17646 | Orc:1    | Entered Level 1 of the Orcish Mines
 17687 | Orc:1    | Cast into level 1 of the Abyss (orc)
 17687 | Abyss:1  | Found a corrupted altar of Lugonu.
 17705 | Abyss:1  | Found a corrupted altar of Lugonu.
 17748 | Abyss:1  | Got a warped falchion
 17749 | Abyss:1  | Identified the cursed +0 falchion of the Wolf {chaos, rC+}
                  | (You found it on level 1 of the Abyss)
 17860 | Abyss:1  | Noticed a cyan very ugly thing
 17861 | Abyss:1  | Received a gift from Okawaru
 17881 | Abyss:1  | Killed a cyan very ugly thing
 17897 | Abyss:1  | Was placed under penance by Okawaru
 17913 | Abyss:1  | HP: 4/102 [insubstantial wisp (5)]
 17916 | Abyss:1  | Slain by an insubstantial wisp

Levels and vault maps discovered:
D:1:      psy_arrival_spokes, layout_basic
D:2:      minmay_inner_zag, layout_rooms, lemuel_doored_altar,
          lemuel_blue_sif_altar
D:3:      layout_loops_corners, tso_oasis_becter, cheibrodos_sewer_entry_sluice,
          uniq_terence, uniq_robin, uniq_natasha, uniq_sigmund
D:4:      layout_basic, serial_shops, nicolae_shop_statue_plus, first_ration
D:5:      layout_basic, temple_statues
D:6:      layout_rooms, lemuel_crystal_altar, nicolae_dithmenos_the_darkroom
D:7:      layout_loops_ring, nicolae_overflow_hidden_temple, okawaru_gym_becter
D:8:      layout_cave_pods, ebering_ghost_rock_garden, uniq_joseph
D:9:      layout_loops_ring, old_standard_altar,
          gammafunk_temple_overflow_statue, hangedman_fish_farm,
          kennysheep_just_a_vault, uniq_harold
D:10:     layout_rooms, serial_shops, shop, gammafunk_ghost_spectres,
          uniq_maurice, uniq_sonja
D:11:     layout_roguey, erik_lair_dragon, portal_ice_cave_rime,
          minmay_diced_spiral, uniq_psyche
D:12:     layout_cross, kennysheep_orc_monster_closet_entryway, serial_shops,
          shop, elyvilon_altar_4, uniq_erolcha
Temple:   dshaligram_water_room_temple
Lair:1:   layout_layer_cave
Lair:2:   layout_misc_corridors, shoals_dummy_entry, dummy_snake_entry,
          minmay_lair_oklob_chamber, grunt_megastairs_4
Lair:3:   layout_chaotic_city, gauntlet_entry_generic
Orc:1:    layout_caves, nicolae_orc_tapped_out
Abyss:1:  base: D:4, minivault_27

Skill      XL: |  1  2  3  4  5  6  7  8  9 10 11 12 13 |
---------------+----------------------------------------+-----
Long Blades    | 2 3 4 5 6 7 9 10 11 12 | 12.3
Armour         | 3 4 5 6 7 8 9 10 | 10.8
Shields        | 3 4 5 6 7 9 10 11 | 11.3
Dodging        | 1 2 3 |  3.7
Fighting       | 4 5 6 7 9 |  9.8
Stealth        | 1 2 3 |  3.8
Invocations    | 2 3 |  3.7
Evocations     | 1 2 |  2.6
Polearms       | 1 |  1.8
Unarmed Combat | |  0.5

Action                   |  1- 3 |  4- 6 |  7- 9 | 10-12 | 13-15 || total
-------------------------+-------+-------+-------+-------+-------++-------
Melee: Long sword        |   130 |    46 |       |       |       ||   176
       Kick              |       |    17 |    85 |    65 |       ||   167
       Falchion          |       |    79 |   257 |   577 |   387 ||  1300
       Unarmed           |       |       |     4 |       |       ||     4
       Trident           |       |       |       |     8 |    14 ||    22
Invok: Heroism           |       |       |       |    13 |     7 ||    20
       Finesse           |       |       |       |       |     2 ||     2
Evoke: Wand              |       |       |       |    16 |     2 ||    18
  Use: Potion            |       |     5 |     1 |     5 |     2 ||    13
       Scroll            |       |     3 |    10 |     3 |     3 ||    19
 Stab: Distracted        |       |     2 |     1 |     6 |     1 ||    10
  Eat: Chunk             |       |     4 |    11 |    18 |     8 ||    41
       Ration            |       |       |     1 |     1 |     2 ||     4
Armor: Scale mail        |    25 |       |       |       |       ||    25
       Chain mail        |    74 |    93 |    94 |    28 |       ||   289
       Skin              |       |       |     1 |       |       ||     1
       Storm dragon scal |       |       |       |   165 |   120 ||   285
Dodge: Dodged            |    36 |    29 |    50 |   133 |   106 ||   354
Block: Shield            |    77 |    99 |   101 |   332 |   325 ||   934
       Reflection        |       |       |       |       |     4 ||     4
       Rpst.: Long sword |     7 |     7 |       |       |       ||    14
       Falchion          |       |     4 |    22 |    24 |    21 ||    71
